 Dungeon Crawl Stone Soup version 0.15.1-3-g1b33baa (webtiles) character file.

240 CrazyArbalest the Shield-Bearer (level 6, -3/42 HPs)
             Began as a Halfling Fighter on Oct 6, 2014.
             Killed by divine providence
             ... invoked by an orc priest
              (17 damage)
             ... on Level 4 of the Dungeon.
             The game lasted 00:20:45 (4659 turns).

CrazyArbalest the Shield-Bearer (Halfling Fighter)  Turns: 4659, Time: 00:20:45

HP  -3/42        AC  5     Str 16      XL: 6   Next: 30%
MP   6/6         EV 15     Int  7      God:
Gold 256         SH  6     Dex 16      Spells:  0 memorised,  5 levels left

rFire  . . .     SeeInvis .     F - -3 hunting sling (curse)
rCold  . . .     Clarity  .     y - +0 robe (curse)
rNeg   . . .     rCorr    .     c - +0 buckler
rPois  .         rRot     .     w - +2 hat
rElec  .         Spirit   .     (no cloak)
SustAb +         Warding  .     (no gloves)
rMut   .         Stasis   .     s - +0 pair of boots
Gourm  .                        (no amulet)
MR     .....                    C - ring of flight
                                v - ring of sustain abilities

@: not resistant to hostile enchantments, unstealthy
A: mutation resistance 1
a: Evoke Flight


You were on level 4 of the Dungeon.
You were hungry.

You visited 1 branch of the dungeon, and saw 4 of its levels.

You collected 256 gold pieces.

Inventory:

Hand weapons
 a - a +0 cutlass
 b - a +1 arbalest
 E - a +2 dagger of protection
 F - a cursed -3 hunting sling (weapon)
 J - a +0 hunting sling
Missiles
 g - 116 stones (quivered)
 k - 10 poisoned bolts
 N - 13 bolts
Armour
 c - a +0 buckler (worn)
 s - a +0 pair of boots (worn)
 w - a +2 hat (worn)
 y - a cursed +0 robe (worn)
 G - a +0 scale mail
Magical devices
 B - a wand of draining (11)
Comestibles
 d - 7 bread rations
 q - a meat ration
 t - 2 beef jerkies
 I - 4 fruits
Scrolls
 i - 2 scrolls of teleportation
 j - 2 scrolls of magic mapping
 o - 2 scrolls of noise
 u - 2 scrolls of enchant armour
 A - 2 scrolls of amnesia
Jewellery
 v - a ring of sustain abilities (left hand)
 C - a ring of flight (right hand)
Potions
 e - a potion of might
 f - a potion of cancellation
 h - a potion of degeneration
 l - a potion of confusion {unknown}
 p - a potion of porridge
 x - a potion of flight {unknown}


   Skills:
 + Level 3.3 Fighting
 + Level 4.0 Short Blades
 * Level 1.3 Slings
 + Level 3.8 Armour
 + Level 3.1 Dodging
 + Level 1.0 Stealth
 + Level 4.3 Shields


You had 5 spell levels left.
You didn't know any spells.

Dungeon Overview and Level Annotations

Branches:
Dungeon (4/15)
 Temple: D:4-7

Altars:
Elyvilon
Yredelemnul
The Shining One


Innate Abilities, Weirdness & Mutations

You are small and have problems with some larger weapons.
You are somewhat resistant to further mutation.


Message History

Firing (i - inventory. (,) - cycle):
m - 2 sling bullets (quivered)
Press: ? - help, Shift-Dir - straight line, f/p - orc priest
Aim: an orc priest, wielding a club (heavily wounded)
You shoot a sling bullet. The sling bullet hits the orc priest.
The orc priest is heavily wounded.
The orc priest misses you.
The orc priest invokes the aid of Beogh against you.
Something smites you!
Firing (i - inventory. (,) - cycle):
m - a sling bullet (quivered)
Press: ? - help, Shift-Dir - straight line, f/p - orc priest
Aim: an orc priest, wielding a club (heavily wounded)
You shoot a sling bullet.
The sling bullet closely misses the orc priest.
The sling bullet hits the orc priest.
The orc priest is moderately wounded.
The orc priest invokes the aid of Beogh against you.
Something smites you!
The orc priest mumbles some strange prayers to Beogh against you.
Something smites you!
You die...

.#.>..##...........#
.#....#..#.#.#.#.#.#
......#.##.#.......#
#.....#.##.#.#.#.#.##
#.....#.##.#........#
##.#....#....#.#.#..#
.o.......o..........#
.#####..#....####...#
.# #...#(o.o.o@..##
.# .#..##..#######
... ....####
.........# ......#..#
##.# # . .#


You could see 2 orc priests, an orc wizard (wandering) and an orc.

Vanquished Creatures
  2 worker ants (D:4)
  6 adders
  A gnoll skeleton (D:4)
  A giant mite (D:2)
  3 worms
  A giant gecko (D:1)
  2 oozes
  7 orcs
  4 giant cockroaches
  14 hobgoblins
  11 jackals
  A quokka (D:3)
  8 bats
  3 giant newts
  7 goblins
  A hobgoblin skeleton (D:4)
  10 kobolds
  16 rats
  A spectral orc (D:4)
  A plant (D:1)
100 creatures vanquished.

Notes
Turn   | Place    | Note
--------------------------------------------------------------
     0 | D:1      | CrazyArbalest, the Halfling Fighter, began the quest for the Orb.
     0 | D:1      | Reached XP level 1. HP: 15/15 MP: 1/1
   155 | D:1      | Reached XP level 2. HP: 13/21 MP: 2/2
   429 | D:1      | Reached XP level 3. HP: 18/26 MP: 3/3
  1101 | D:2      | Reached skill level 4 in Shields
  1136 | D:2      | Reached skill level 1 in Dodging
  1136 | D:2      | Reached XP level 4. HP: 19/31 MP: 4/4
  1820 | D:1      | Reached XP level 5. HP: 36/36 MP: 5/5
  2276 | D:3      | Found a glowing golden altar of the Shining One.
  2277 | D:3      | Found a white marble altar of Elyvilon.
  2900 | D:4      | Reached skill level 1 in Stealth
  3086 | D:4      | Found a basalt altar of Yredelemnul.
  3468 | D:4      | Reached XP level 6. HP: 42/42 MP: 6/6
  3525 | D:4      | HP: 1/42 [worker ant (7)]
  4590 | D:4      | Reached skill level 1 in Slings
  4659 | D:4      | Killed from afar by an orc priest

Action                   |  1- 3 |  4- 6 || total
-------------------------+-------+-------++-------
Melee: Cutlass           |   190 |   265 ||   455
 Fire: Hunting sling     |       |    95 ||    95
Evoke: Wand              |       |     1 ||     1
  Use: Scroll            |       |     8 ||     8
       Potion            |       |     5 ||     5
 Stab: Sleeping          |       |     3 ||     3
  Eat: Chunk             |     1 |    11 ||    12
